Map: Chain of Ascension

Players

Hinďa

  • Race: Zerg Zerg
  • Spawn Location: 11:00

NamroodTuo

  • Race: Zerg Zerg

VOD

Have the link to the VOD?

Description

Time

  • Played on: April 28, 2023, 11:01 a.m.
  • Length: 28:29
Show
View Real Time Build Order
Export as new Build Order

Hinďa Zerg 

Build Orders:  

Get SALT Encoding   

  12  0:11  Drone  
  12  0:13  Drone  
  14  0:46  Overlord x2  
  14  0:59  Extractor  
  13  1:03  Extractor  
  12  1:12  Drone x5  
  17  1:45  Roach Warren  
  17  1:47  Drone x2  
  17  1:48  Drone  
  19  1:55  Drone  
  20  2:02  Drone  
  21  2:35  Lair  
  21  2:44  Overlord x2  
  21  3:13  Roach x3  
  27  3:34  Evolution Chamber  
  27  3:36  Evolution Chamber  
  27  3:38  Drone  
  27  3:39  Drone  
  27  4:19  Roach  
  27  4:41  Brutalisk  
  27  4:50  Drone  
  27  4:51  Drone x4  
  27  4:52  Drone  
  27  4:59  Infestation Pit  
  32  5:00  Zerg Missile Weapons Level 1, Zerg Ground Armor Level 1  
  32  5:04  Hydriodic Bile  
  32  6:02  Roach  
  32  6:08  Unknown  
  32  6:24  Roach, Brutalisk  
  32  6:46  Brutalisk  
  32  6:53  Tunneling Claws  
  32  7:08  Swarm Host x4  
  44  7:16  Overlord x4  
  44  7:17  Overlord  
  48  7:50  Hive  
  44  8:30  Hatchery  
  44  8:34  Extractor  
  44  8:36  Extractor  
  41  9:09  Drone  
  42  9:10  Drone x8  
  50  9:45  Overseer  
  50  9:46  Overseer  
  50  9:52  Overlord x3  
  50  9:57  Drone x2  
  52  10:01  Pressurized Glands  
  52  10:12  Drone  
  52  10:13  Drone x4  
  57  10:28  Overlord x2  
  57  10:29  Overlord  
  57  10:43  Swarm Host  
  60  11:22  Zerg Missile Weapons Level 2  
  60  11:24  Zerg Ground Armor Level 2  
  60  11:30  Deep Tunnel  
  60  11:55  Overseer  
  60  11:56  Overseer  
  60  11:58  Overlord x3  
  60  11:59  Overlord x3  
  60  12:00  Drone x2  
  62  13:11  Swarm Host x2  
  62  13:12  Swarm Host x4  
  62  13:13  Swarm Host  
  62  13:18  Overlord  
  83  14:50  Zerg Ground Armor Level 3, Zerg Missile Weapons Level 3  
  83  14:57  Adaptive Plating  
  83  15:07  Overseer  
  83  16:47  Glial Reconstitution  
  83  17:16  Ventral Sacs  
  83  17:55  Swarm Host x5  
  83  17:56  Swarm Host x3  
  83  17:57  Swarm Host  
  110  19:05  Virulent Microbes  
  110  19:33  Bio-Mechanical Transfusion  
  110  20:33  Incubation Chamber  
  110  20:35  Paralytic Barbs  
  110  24:12  Drone x2  
  110  24:13  Drone  
  110  24:14  Drone  
  110  24:15  Drone  
  110  24:16  Drone x2  
Show
View Real Time Build Order
Export as new Build Order

NamroodTuo Zerg 

Build Orders:  

Get SALT Encoding   

  12  0:19  Infested Barracks  
  12  0:26  Infested SCV  
  13  0:38  Overlord  
  13  0:44  Infested SCV  
  14  0:51  Infested SCV  
  15  1:06  Infested SCV  
  16  1:20  Infestation Level 1  
  16  1:31  Infested SCV  
  16  1:36  Infested Refinery  
  17  1:44  Infested SCV  
  18  2:00  Infested Refinery  
  18  2:01  Infested SCV  
  18  2:08  Infested Engineering Bay  
  19  2:10  Infested SCV  
  19  2:14  Infested SCV  
  21  2:23  Overlord  
  21  2:41  Infested SCV  
  21  2:45  Infested Barracks  
  22  2:55  Infested SCV  
  22  2:57  Infested SCV  
  24  3:16  Overlord  
  24  3:29  Infested SCV  
  25  3:37  Infestation Level 2  
  25  3:50  Infested Factory  
  25  4:10  Infested Marine  
  25  4:11  Infested Marine x8  
  25  4:14  Infested Colonist Compound  
  25  4:16  Infested SCV  
  25  4:17  Infested SCV  
  25  4:18  Unknown  
  25  4:19  Infested SCV  
  32  4:44  Infested SCV  
  32  4:49  Overlord  
  33  4:56  Regenerative Plating  
  33  5:05  Infested SCV  
  34  5:27  Infested Bunker  
  38  5:32  Infested Barracks Tech Lab  
  38  5:37  Anaerobic Enhancement  
  38  6:13  Infested Bunker  
  38  6:32  Retinal Augmentation  
  38  6:36  Broodling Gestation  
  38  6:51  Infested Armory  
  38  7:04  Infested SCV  
  38  7:05  Overlord  
  38  7:06  Overlord  
  38  7:07  Infested SCV  
  38  7:08  Infested SCV  
  41  7:32  Plagued Munitions  
  45  8:02  Infested Bunker  
  45  8:10  Overlord x2  
  45  8:17  Aggressive Incubation  
  45  9:06  Infested Command Center  
  45  9:26  Infested Bunker  
  49  9:46  Overseer  
  49  9:47  Overseer x4  
  49  10:46  Infested Bunker  
  53  10:51  Infested SCV x3  
  56  11:04  Stukov Infantry Weapons Level 1  
  56  11:31  Infested SCV x2  
  58  11:58  Infested Bunker  
  62  12:01  Stukov Vehicle and Ship Armor Level 1  
  62  12:12  Infestation Level 3  
  62  12:15  Infested Factory Tech Lab  
  62  12:29  Infested Marine x7  
  69  12:30  Infested Marine x13  
  82  12:58  Infested Bunker  
  86  13:02  Infested SCV  
  86  13:03  Infested SCV x4  
  86  13:08  Overlord  
  91  13:38  Infested Diamondback  
  91  13:39  Infested Diamondback  
  97  13:44  Stukov Infantry Armor Level 1  
  83  14:29  Infested SCV  
  76  14:30  Infested SCV x3  
  76  14:32  Overlord  
  76  14:37  Infested Refinery  
  79  14:41  Stukov Vehicle and Ship Weapons Level 1  
  79  14:48  Infested Bunker  
  83  15:48  Infested Bunker  
  91  16:01  Infested SCV x2  
  91  16:02  Overlord  
  91  16:03  Overlord  
  101  16:22  Infested Bunker  
  101  16:24  Calcified Armor  
  101  16:27  Infested Diamondback x2  
  107  16:39  Infested Bunker  
  107  17:12  Infested Bunker  
  107  17:21  Stukov Vehicle and Ship Armor Level 2, Infested Marine  
  107  17:22  Infested Marine x17  
  107  17:23  Infested Marine  
  107  17:24  Stukov Infantry Weapons Level 2  
  126  17:52  Overlord x3  
  126  17:53  Overlord x2  
  117  18:34  Infested Diamondback  
  117  18:35  Infested Diamondback x3  
  117  18:38  Overlord x2  
  129  18:40  Overlord  
  121  19:04  Infested Diamondback x2  
  125  19:35  Infested Diamondback x2  
  131  19:47  Infested Bunker  
  139  19:56  Infested Bunker  
  140  20:36  Infested Bunker  
  137  21:03  Infested Diamondback x3  
  137  21:04  Infested Diamondback  
  146  21:18  Infested Bunker  
  154  21:40  Infested Diamondback  
  154  21:41  Infested Diamondback  
  160  22:07  Infested Bunker  
  160  22:21  Infested Marine x5  
  160  22:22  Infested Marine x13  
  172  24:00  Infested Diamondback x3  
  172  24:01  Infested Diamondback x2  
  173  24:20  Infested Bunker  
  189  25:10  Infested Bunker  
  187  25:55  Infested Bunker  
  187  25:56  Overlord x4  
  187  25:57  Overlord  
  187  26:01  Infested Bunker  
  187  26:52  Infested Bunker  
  187  27:36  Overlord  
  187  27:37  Overlord x4  
  187  27:43  Infested Bunker  
Tags
 
Add a new tag
Caveats
  • Supply blocks, unpowered buildings, or Contaminate may cause inaccurate times.
  • Supply counts are checked every 10 seconds.